Map: Ruins of Seras

Players

TRekts - Winner!

  • Race: Protoss Protoss
  • League: Grandmaster

CaptRaynor

  • Race: Protoss Protoss
  • League: Grandmaster

VOD

Have the link to the VOD?

Description

Time

  • Played on: July 17, 2015, 1:04 a.m.
  • Length: 10:53
Show
View Real Time Build Order
Export as new Build Order

TRekts Protoss - Winner!

Build Orders:  

Get SALT Encoding   

  12  0:03  Probe  
  13  0:15  Probe  
  14  0:23  Pylon  
  14  0:41  Probe  
  15  0:44  Gateway  
  15  0:52  Gateway  
  15  1:02  Assimilator  
  15  1:06  Probe  
  16  1:23  Pylon  
  16  1:28  Probe  
  16  1:32  Cybernetics Core  
  17  1:38  Zealot (Chrono Boost)  
  19  1:42  Probe  
  20  1:48  Pylon  
  20  1:55  Probe  
  21  2:02  Gateway  
  21  2:08  Warp Gate (Chrono Boost)  
  21  2:13  Stalker  
  23  2:19  Assimilator  
  23  2:35  Probe  
  24  2:39  Pylon  
  24  2:48  Probe  
  25  2:57  Robotics Facility  
  25  3:28  Pylon  
  25  3:30  Probe  
  26  3:49  Immortal (Chrono Boost)  
  26  3:52  Stalker  
  26  3:53  Stalker  
  26  3:55  Stalker  
  36  4:13  Nexus  
  36  4:27  Sentry x2  
  36  4:31  Pylon  
  40  4:42  Zealot  
  42  4:50  Probe  
  42  4:52  Stalker  
  45  4:55  Stalker  
  45  5:20  Stalker x3  
  49  5:26  Probe  
  49  5:27  Probe  
  51  5:45  Immortal (Chrono Boost)  
  43  6:24  Stalker  
  43  6:25  Stalker  
  41  6:57  Stalker x2  
  41  6:58  Stalker  
  48  7:15  Probe x2  
  48  7:18  Assimilator  
  49  7:27  Probe  
  36  7:48  Stalker x3  
  42  7:55  Probe x2  
  44  8:06  Observer  
  44  8:08  Probe  
  44  8:10  Stalker x3  
  52  8:21  Forge  
  52  8:23  Gateway  
  52  8:25  Gateway  
  52  8:28  Pylon  
  50  8:51  Stalker  
  50  8:52  Stalker x2  
  56  9:04  Immortal  
  56  9:05  Probe x2  
  62  9:10  Robotics Bay  
  62  9:15  Protoss Ground Weapons Level 1 (Chrono Boost)  
  62  9:16  Pylon  
  62  9:29  Assimilator  
  62  9:33  Pylon  
  62  9:45  Nexus  
  62  9:54  Stalker x5  
  72  10:03  Probe x2  
  74  10:13  Gateway  
  74  10:16  Forge  
Show
View Real Time Build Order
Export as new Build Order

CaptRaynor Protoss 

Build Orders:  

Get SALT Encoding   

  12  0:02  Probe  
  13  0:23  Pylon  
  13  0:31  Probe (Chrono Boost)  
  14  0:44  Probe (Chrono Boost)  
  14  0:48  Gateway  
  15  0:54  Assimilator  
  15  0:56  Probe (Chrono Boost)  
  16  1:07  Probe (Chrono Boost)  
  18  1:18  Probe (Chrono Boost)  
  18  1:19  Pylon  
  18  1:29  Probe  
  19  1:41  Cybernetics Core, Probe (Chrono Boost), Pylon  
  19  1:45  Assimilator  
  22  1:54  Zealot  
  22  1:58  Probe  
  23  2:15  Probe  
  24  2:26  Nexus  
  23  2:32  Warp Gate (Chrono Boost)  
  23  2:43  Gateway  
  23  2:51  Probe  
  24  3:03  Probe (Chrono Boost)  
  25  3:15  Mothership Core (Chrono Boost)  
  25  3:16  Adept  
  29  3:29  Probe  
  30  3:34  Sentry  
  32  3:45  Probe x2  
  34  3:58  Robotics Facility  
  34  4:00  Pylon  
  34  4:05  Probe x2  
  34  4:09  Assimilator  
  36  4:22  Forge  
  36  4:24  Pylon  
  36  4:28  Stalker x2  
  40  4:31  Probe x2  
  42  4:47  Observer  
  42  4:50  Probe x2, Pylon  
  45  4:54  Sentry x2  
  45  4:59  Gateway  
  49  5:11  Protoss Ground Weapons Level 1 (Chrono Boost)  
  41  5:18  Immortal (Chrono Boost)  
  45  5:28  Adept x2  
  49  5:38  Probe x2  
  51  5:58  Adept x2  
  33  6:26  Adept  
  33  6:27  Adept x2  
  32  6:33  Immortal (Chrono Boost)  
  29  6:48  Protoss Ground Armor Level 1 (Chrono Boost)  
  29  6:51  Stalker x3  
  31  6:59  Mothership Core (Chrono Boost)  
  33  7:22  Sentry x3  
  29  7:50  Immortal (Chrono Boost)  
  33  8:06  Adept x2  
  37  8:16  Pylon  
  37  8:19  Pylon  
  35  8:35  Protoss Shields Level 1 (Chrono Boost)  
  35  8:50  Immortal (Chrono Boost)  
  39  8:59  Robotics Bay  
  39  9:01  Pylon  
  39  9:05  Adept x3  
  45  9:19  Pylon  
  45  9:22  Immortal (Chrono Boost)  
  49  9:54  Colossus (Chrono Boost)  
  55  10:06  Adept x3  
Tags
 
Add a new tag
Caveats
  • Supply blocks, unpowered buildings, or Contaminate may cause inaccurate times.
  • Supply counts are checked every 10 seconds.